 Dungeon Crawl Stone Soup version 0.26-a0-812-g31a745ddcd (webtiles) character file.

Game seed: 12077854596768640861

24 Spectrina the Sneak (level 2, 0/25 HPs)
             Began as a Demigod Delver on Nov 14, 2020.
             Slain by a hound skeleton (2 damage)
             ... on level 4 of the Dungeon.
             The game lasted 00:01:33 (248 turns).

Spectrina the Sneak (Demigod Delver)                 Turns: 248, Time: 00:01:33

Health: 0/25       AC:  8    Str: 15    XL:     2   Next: 60%
Magic:  4/4        EV:  7    Int: 14    God:
Gold:   25         SH:  0    Dex: 17    Spells: 1/1 levels left

rFire    . . .     SeeInvis .   h - +0 quarterstaff
rCold    . . .     Faith    .   (shield currently unavailable)
rNeg     . . .     Spirit   .   l - +0 chain mail
rPois    .         Reflect  .   (no helmet)
rElec    .         Harm     .   (no cloak)
rCorr    .         Rampage  .   (no gloves)
MR       .....                  (no boots)
Stlth    ..........             (no amulet)
HPRegen  0.08/turn              (no ring)
MPRegen  0.09/turn              (no ring)

@: attractive
A: high mp 1
a: no special abilities


You were on level 4 of the Dungeon.
You visited 1 branch of the dungeon, and saw 2 of its levels.

You collected 25 gold pieces.

Inventory:

Hand Weapons
 a - a +0 mace
 h - a +0 quarterstaff (weapon)
Missiles
 m - 17 sling bullets
Armour
 b - a +0 leather armour
 j - a +0 ring mail
 l - a +0 chain mail (worn)
Jewellery
 k - an uncursed ring of ice {unknown}
Wands
 g - a wand of digging (3)
Scrolls
 c - a scroll of fog
 d - a scroll of magic mapping
 e - a scroll of fear
 n - a scroll of immolation {unknown}
 o - a scroll of identify {unknown}
 p - 2 scrolls of teleportation {unknown}
Potions
 f - 2 potions of haste


   Skills:
 - Level 2.6 Fighting
 - Level 1.7(2.3) Maces & Flails
 + Level 2.3(2.6) Staves
 - Level 1.7 Dodging
 - Level 4.5 Stealth


You had one spell level left.
You didn't know any spells.
Your spell library was empty.

Dungeon Overview and Level Annotations

Branches:
Dungeon (5/15)
 Temple: D:4-7


Innate Abilities, Weirdness & Mutations

You have an increased reservoir of magic. (+10% MP)


Message History

You hit the jackal but do no damage. The jackal bites you.
* * * LOW HITPOINT WARNING * * *
The jackal bites you.
* * * LOW HITPOINT WARNING * * *
You barely miss the jackal.
The jackal bites you but does no damage. x2
You closely miss the jackal. The jackal closely misses you.
It was a potion of attraction.
You feel attractive to monsters. The jackal barely misses you.
Unknown command.
You sock the jackal!
You kill the jackal!
The hound skeleton is pulled toward you!
The hound skeleton bites you but does no damage.
You sock the jackal!
You kill the jackal!
The hound skeleton is pulled toward you!
The hound skeleton bites you.
You die...

#.#.#
###.#.###
#.#.#
#..>.....
#.#.####
#..##.###
#......# .....
#.#
###.####......
#.# #.#
.....#. ..#
#.# ####.##
### #.# # #@#
#Z# #.# #
#.##.#..#
#.......#
####..$.# ...#
..# h#


You could see a hound skeleton.

Vanquished Creatures
  A white imp (D:5)
  4 orcs
  5 jackals (D:4)
  A quokka (D:5)
  A jackal zombie (D:5)
12 creatures vanquished.

Vanquished Creatures (others)
  7 fungi (D:4)
7 creatures vanquished.

Grand Total: 19 creatures vanquished

Notes
Turn   | Place    | Note
-------+----------+-------------------------------------------
     0 | D:5      | Spectrina the Demigod Delver began the quest for the Orb.
     0 | D:5      | Reached XP level 1. HP: 18/18 MP: 3/3
    16 | D:5      | Found an ancient bone altar of Kikubaaqudgha.
    60 | D:5      | Reached skill level 1 in Staves
    96 | D:5      | Reached XP level 2. HP: 12/25 MP: 4/4
   243 | D:4      | HP: 1/25 [jackal (1)]
   248 | D:4      | Slain by a hound skeleton

Illustrated notes

Levels and vault maps discovered:
D:4:      layout_basic, minmay_temple_entry_antechambers, serial_aquarium,
          aquarium_bridge_square [aquarium_subvault_wall,
          aquarium_subvault_bridge, aquarium_subvault_window,
          aquarium_subvault_bridge], aquarium_window_2, aquarium_window_1,
          aquarium_window_fake, aquarium_window_fake, aquarium_view_2d,
          aquarium_balcony_5b
D:5:      layout_loops_cross, gammafunk_temple_overflow_pools, basic_altar

Skill      XL: |  1  2 |
---------------+-------+-----
Staves         | 1 2 |  2.3
Fighting       | |  2.6
Maces & Flails | |  1.7
Dodging        | |  1.7
Stealth        | |  4.5

Action                   || total
-------------------------++-------
Melee: Quarterstaff      ||    47
  Use: Potion            ||     1
Armor: Ring mail         ||     3
       Chain mail        ||    31
Dodge: Dodged            ||     9

Table legend: (Time is in decaauts)
 A = Elapsed time spent in this place.
 B = Non-inter-level travel time spent in this place.
 C = Inter-level travel time spent in this place.
 D = Time resting spent in this place.
 E = Time spent auto-exploring this place.
 F = Levels seen in this place.
 G = Mean time per level.
                   A        B        C        D        E       F      G
               +--------+--------+--------+--------+--------+-----+--------+
         Total |    256 |    256 |      0 |      0 |      0 |   2 |  128.0 |
       Dungeon |    256 |    256 |      0 |      0 |      0 |   2 |  128.0 |
               +--------+--------+--------+--------+--------+-----+--------+

Top non-repeatable levels by time:
     D:5: 128 daAuts
     D:4: 127 daAuts
